 Dungeon Sprint DCSS version 0.15.0-34-g666c3a1 (webtiles) character file.

828 Bttukikced the Hoplite (level 8, -24/71 HPs)
             Began as a Formicid Fighter on Sept 15, 2014.
             Was a Believer of Okawaru.
             Annihilated by a hill giant
             ... wielding a +0 giant spiked club
              (37 damage)
             ... in the Dungeon (Sprint IX: "|||||||||||||||||||||||||||||").
             The game lasted 00:02:39 (383 turns).

Bttukikced the Hoplite (Formicid Fighter)            Turns: 383, Time: 00:02:39

HP -24/71        AC 10     Str 26      XL: 8   Next: 17%
MP   0/12        EV 12     Int 11      God: Okawaru [**....]
Gold 0           SH 14     Dex 10      Spells:  0 memorised,  7 levels left

rFire  . . .     SeeInvis +     m - +1 broad axe (freeze)
rCold  . . .     Clarity  .     a - +1 scale mail
rNeg   . . .     rCorr    .     c - +0 shield
rPois  .         rRot     .     (helmet unavailable)
rElec  .         Spirit   .     (no cloak)
SustAb .         Warding  .     (no gloves)
rMut   .         Stasis   +     (no boots)
Gourm  .                        (no amulet)
MR     .....                    n - +3 ring of intelligence
                                b - +3 ring of strength

@: heroism, not resistant to hostile enchantments, very unstealthy
A: permanent stasis, dig shafts and tunnels, four strong arms, antennae 3
a: Dig, Heroism, Renounce Religion


You were in the Dungeon.
You worshipped Okawaru.
Okawaru was pleased with you.
You were not hungry.

You visited 1 branch

Inventory:

Hand weapons
 m - a +1 broad axe of freezing (weapon)
Armour
 a - a +1 scale mail (worn)
 c - a +0 shield (worn)
Magical devices
 l - a wand of fire (4)
Comestibles
 d - a bread ration
Scrolls
 j - 3 scrolls of remove curse
 k - 2 scrolls of amnesia
Jewellery
 b - a +3 ring of strength (left hand)
 n - a +3 ring of intelligence (right hand)
Potions
 e - a potion of might
 f - 5 potions of curing
 g - 3 potions of heal wounds
 h - a potion of invisibility
 i - 4 potions of magic


   Skills:
 + Level 9.1(14.1) Fighting
 + Level 7.6(12.6) Axes
 + Level 8.8(13.8) Armour
 + Level 5.3(10.3) Dodging
 + Level 11.0(16.0) Shields
 + Level 1.4 Evocations


You had 7 spell levels left.
You didn't know any spells.

Dungeon Overview and Level Annotations

Branches:
Dungeon (1/1)

Altars:
Cheibriados
Dithmenos
Elyvilon
Fedhas
Kikubaaqudgha
Makhleb
Nemelex Xobeh
Okawaru
Qazlal
Sif Muna
Trog
Vehumet
Xom
Yredelemnul
Zin
The Shining One
Beogh
Jiyva
Lugonu


Innate Abilities, Weirdness & Mutations

Your are under a permanent stasis effect.
You can dig through walls and to a lower floor.
Your four strong arms can wield two-handed weapons with a shield.
You have a pair of large antennae on your head (SInv).


Message History

You open the door.
An eye of draining, an orc warrior, a centaur, a troll and 2 hill giants come into view.
The hill giant shouts!
The orc warrior shouts!
The eye of draining turns its gaze towards you.
The centaur shouts!
The hill giant shouts!
The troll shouts!
You slice the hill giant!! You freeze the hill giant.
The hill giant is heavily wounded.
The hill giant hits you with a giant spiked club!!
You slash the hill giant! You freeze the hill giant.
The hill giant is severely wounded.
The eye of draining stares at you.
The hill giant hits you with a giant spiked club!!
* * * LOW HITPOINT WARNING * * *
Your scale mail prevents you from hitting the hill giant.
The hill giant is severely wounded.
You hit the hill giant but do no damage.
The hill giant is severely wounded.
The hill giant hits you with a giant spiked club!!!
Ouch! That really hurt!
You die...

{
▓.▓
{
▓(▓
{
▓'▓
▓)▓
▓.▓
{
▓.▓
▓.▓
▓.▓
▓@▓
▓C▓
▓o▓
▓G▓
▓c▓
▓C▓
▓.▓
▓T▓
▓+▓


You could see 2 hill giants, an eye of draining, a troll, an orc warrior and a
centaur.

Vanquished Creatures
  A hill giant (D)
  A wraith (D)
  A yak (D)
  A crimson imp (D)
  An adder (D)
  2 orcs (D)
  2 bats (D)
  A giant newt (D)
  A goblin zombie (D)
  4 kobolds (D)
  A rat (D)
16 creatures vanquished.

Notes
Turn   | Place    | Note
--------------------------------------------------------------
     0 | D        | Bttukikced, the Formicid Fighter, began the quest for the Orb.
     0 | D        | Reached XP level 1. HP: 18/18 MP: 1/1
    20 | D        | Reached skill level 4 in Shields
   105 | D        | Noticed a crimson imp
   106 | D        | Reached XP level 2. HP: 25/25 MP: 3/3
   118 | D        | Reached skill level 5 in Shields
   136 | D        | Killed a crimson imp
   136 | D        | Reached skill level 1 in Dodging
   136 | D        | Reached skill level 6 in Shields
   136 | D        | Reached XP level 3. HP: 16/32 MP: 4/4
   140 | D        | Found a glowing silver altar of Zin.
   140 | D        | Found a glowing golden altar of the Shining One.
   140 | D        | Found an ancient bone altar of Kikubaaqudgha.
   140 | D        | Found a basalt altar of Yredelemnul.
   140 | D        | Found a shimmering altar of Xom.
   140 | D        | Found a radiant altar of Vehumet.
   140 | D        | Found an iron altar of Okawaru.
   141 | D        | Found a burning altar of Makhleb.
   142 | D        | Found a deep blue altar of Sif Muna.
   143 | D        | Found a bloodstained altar of Trog.
   144 | D        | Found a sparkling altar of Nemelex Xobeh.
   145 | D        | Found a white marble altar of Elyvilon.
   146 | D        | Found a roughly hewn altar of Beogh.
   147 | D        | Found a viscous altar of Jiyva.
   148 | D        | Found a corrupted altar of Lugonu.
   149 | D        | Became a worshipper of Warmaster Okawaru
   191 | D        | Found a blossoming altar of Fedhas.
   192 | D        | Found a snail-covered altar of Cheibriados.
   193 | D        | Found a shadowy altar of Dithmenos.
   194 | D        | Found a stormy altar of Qazlal.
   294 | D        | Noticed a wraith
   294 | D        | Noticed a yak
   294 | D        | Noticed a hill giant
   296 | D        | Reached skill level 5 in Fighting
   300 | D        | Reached XP level 4. HP: 35/39 MP: 5/5
   305 | D        | Killed a wraith
   305 | D        | Acquired Okawaru's first power
   305 | D        | Reached skill level 5 in Axes
   305 | D        | Reached skill level 8 in Shields
   305 | D        | Reached XP level 5. HP: 41/47 MP: 7/7
   305 | D        | Reached XP level 6. HP: 46/53 MP: 8/8
   309 | D        | Killed a yak
   309 | D        | Reached skill level 9 in Shields
   312 | D        | Killed a hill giant
   312 | D        | Reached skill level 5 in Dodging
   312 | D        | Reached skill level 11 in Shields
   312 | D        | Reached skill level 1 in Evocations
   312 | D        | Reached XP level 7. HP: 52/64 MP: 8/10
   312 | D        | Reached XP level 8. HP: 57/71 MP: 9/12
   379 | D        | Noticed a hill giant
   379 | D        | Noticed an orc warrior
   379 | D        | Noticed an eye of draining
   379 | D        | Noticed a centaur
   379 | D        | Noticed a hill giant
   379 | D        | Noticed a troll
   383 | D        | Annihilated by a hill giant

Action                   |  1- 3 |  4- 6 |  7- 9 || total
-------------------------+-------+-------+-------++-------
Melee: War axe           |    49 |       |       ||    49
       Broad axe         |     5 |     9 |     4 ||    18
Invok: Heroism           |       |       |     1 ||     1
Evoke: Wand              |       |     3 |       ||     3
